SAL
HICKORY CRAWDADS @ KANNAPOLIS INTIMIDATORS
06/14/2098
 
TOP OF THE 1ST
Hickory Crawdads batting - Pitching for Kannapolis Intimidators : LHP Mike Schoenborn
Pitching: LHP Mike Schoenborn
Batting: RHB Mark Bray 0-0: Ball
1-0: Swinging Strike
1-1: Ball
2-1: Ground out 6-3 (Groundball, 6, EV 98.1 MPH)
Batting: LHB Paul Rodriguez 0-0: Ball
1-0: Fly out, F8 (Flyball, 8RM, EV 89.4 MPH)
Batting: RHB Frank Goodwin 0-0: Called Strike
0-1: Ball
1-1: DOUBLE (Line Drive, 7LS, EV 94.4 MPH)
Batting: RHB Todd Peters 0-0: Ball
1-0: DOUBLE (Groundball, 5L, EV 110.6 MPH)
Frank Goodwin scores
Batting: SHB Rodrigo Ruiz 0-0: Called Strike
0-1: SINGLE (Flyball, 78S, EV 91.3 MPH)
Todd Peters to third
Runner from 3rd tries for Home, SAFE, throw by CF to home
Batting: RHB Bryan Shewmaker 0-0: Ball
1-0: Ball
2-0: Swinging Strike
2-1: Fly out, F5 (Popup, 5SF, EV 84.4 MPH)
Top of the 1st over - 2 runs, 3 hits, 0 errors, 1 left on base; Hickory 2 - Kannapolis 0
BOTTOM OF THE 1ST
Kannapolis Intimidators batting - Pitching for Hickory Crawdads : RHP Andy Schurmann
Pitching: RHP Andy Schurmann
Batting: LHB Tom Jarvis 0-0: Foul Ball, location: 25FF
0-1: Ball
1-1: DOUBLE (Groundball, 5L, EV 101.3 MPH)
Batting: RHB Matt Schmidl 0-0: Ball
1-0: Ball
2-0: Fly out, F9 (Line Drive, 9, EV 95.6 MPH)
Batting: RHB Justin McWilliams 0-0: Ball
1-0: Foul Ball, location: 2F
1-1: Foul Ball, location: 23F
1-2: Ball
2-2: Foul Ball, location: 7LMF
2-2: Ball
3-2: Fly out, F8 (Flyball, 8RD, EV 103.1 MPH)
Runner from 2nd tags up, SAFE at 3rd with throw by CF
Batting: RHB Aaron Morgan 0-0: Called Strike
0-1: Ground out 4-3 (Groundball, 34D, EV 101.3 MPH)
Bottom of the 1st over - 0 runs, 1 hit, 0 errors, 1 left on base; Hickory 2 - Kannapolis 0
TOP OF THE 2ND
Hickory Crawdads batting - Pitching for Kannapolis Intimidators : LHP Mike Schoenborn
Batting: LHB Brian Edwards 0-0: Ball
1-0: Called Strike
1-1: Fly out, F7 (Flyball, 78D, EV 108.8 MPH)
Batting: RHB Justin Beck 0-0: Ball
1-0: Foul Ball, location: 5F
1-1: Called Strike
1-2: Ball
2-2: Ball
3-2: Foul Ball, location: 2LF
3-2: Fly out, F3 (Popup, 23F, EV 91.9 MPH)
Batting: RHB Roberto Zubiate 0-0: Called Strike
0-1: Ball
1-1: Called Strike
1-2: Strikes out swinging
Top of the 2nd over - 0 runs, 0 hits, 0 errors, 0 left on base; Hickory 2 - Kannapolis 0
BOTTOM OF THE 2ND
Kannapolis Intimidators batting - Pitching for Hickory Crawdads : RHP Andy Schurmann
Batting: LHB Chris Fries 0-0: Called Strike
0-1: Called Strike
0-2: Strikes out looking
Batting: RHB Jon Arroyo 0-0: Called Strike
0-1: Ball
1-1: Ball
2-1: Fly out, F5 (Popup, 5SF, EV 71.3 MPH)
Batting: SHB Jeremy Nussbaum 0-0: Ball
1-0: Swinging Strike
1-1: Ball
2-1: Called Strike
2-2: Foul Ball, location: 23FF
2-2: SINGLE (Groundball, 6MS, EV 69.4 MPH) (infield hit)
Batting: LHB Nick Lindberg 0-0: Ball
1-0: Fielders Choice at 2nd, 5-4 (Groundball, 5L, EV 85.0 MPH)
Bottom of the 2nd over - 0 runs, 1 hit, 0 errors, 1 left on base; Hickory 2 - Kannapolis 0
TOP OF THE 3RD
Hickory Crawdads batting - Pitching for Kannapolis Intimidators : LHP Mike Schoenborn
Batting: RHB Mark Bray 0-0: Swinging Strike
0-1: Foul Ball, location: 9LSF
0-2: Strikes out swinging
Batting: LHB Paul Rodriguez 0-0: Called Strike
0-1: Ball
1-1: Ball
2-1: Foul Ball, location: 7LSF
2-2: Fly out, F6 (Popup, 4MD, EV 55.0 MPH)
Batting: RHB Frank Goodwin 0-0: Ball
1-0: Foul Ball, location: 5DF
1-1: Called Strike
1-2: Ground out 4-3 (Groundball, 4M, EV 86.3 MPH)
Top of the 3rd over - 0 runs, 0 hits, 0 errors, 0 left on base; Hickory 2 - Kannapolis 0
BOTTOM OF THE 3RD
Kannapolis Intimidators batting - Pitching for Hickory Crawdads : RHP Andy Schurmann
Batting: RHB Bobby Richards 0-0: Foul Ball, location: 23FF
0-1: Ball
1-1: Foul Ball, location: 2F
1-2: Fly out, F7 (Flyball, 7LM, EV 96.3 MPH)
Batting: LHB Tom Jarvis 0-0: Ball
1-0: Ball
2-0: Foul Ball, location: 23FF
2-1: Called Strike
2-2: Fly out, F6 (Popup, 6D, EV 48.1 MPH)
Batting: RHB Matt Schmidl 0-0: Ball
1-0: Ball
2-0: Called Strike
2-1: Fly out, F3 (Popup, 3SF, EV 79.4 MPH)
Bottom of the 3rd over - 0 runs, 0 hits, 0 errors, 0 left on base; Hickory 2 - Kannapolis 0
TOP OF THE 4TH
Hickory Crawdads batting - Pitching for Kannapolis Intimidators : LHP Mike Schoenborn
Batting: RHB Todd Peters 0-0: Ball
1-0: Swinging Strike
1-1: Ball
2-1: Foul Ball, location: 2F
2-2: Foul Ball, location: 2F
2-2: Foul Ball, location: 7LSF
2-2: SOLO HOME RUN (Flyball, 9D, EV 96.3 MPH), Distance : 367 ft
Batting: SHB Rodrigo Ruiz 0-0: Foul Ball, location: 9LDF
0-1: Ball
1-1: Foul Ball, location: 9LSF
1-2: Ball
2-2: Fly out, F9 (Flyball, 9D, EV 102.5 MPH)
Batting: RHB Bryan Shewmaker 0-0: Ball
1-0: Ball
2-0: Called Strike
2-1: Ground out 1-3 (Groundball, 13S, EV 70.6 MPH)
Batting: LHB Brian Edwards 0-0: Ball
1-0: Ground out 4-3 (Groundball, 13, EV 85.6 MPH)
Top of the 4th over - 1 run, 1 hit, 0 errors, 0 left on base; Hickory 3 - Kannapolis 0
BOTTOM OF THE 4TH
Kannapolis Intimidators batting - Pitching for Hickory Crawdads : RHP Andy Schurmann
Batting: RHB Justin McWilliams 0-0: Foul Ball, location: 2F
0-1: Ground out 6-3 (Groundball, 6, EV 86.3 MPH)
Batting: RHB Aaron Morgan 0-0: Swinging Strike
0-1: Foul Ball, location: 9LDF
0-2: Foul Ball, location: 3SF
0-2: Foul Ball, location: 2F
0-2: Strikes out swinging
Batting: LHB Chris Fries 0-0: Foul Ball, location: 7LDF
0-1: Ball
1-1: Swinging Strike
1-2: Ball
2-2: Ball
3-2: Strikes out swinging
Bottom of the 4th over - 0 runs, 0 hits, 0 errors, 0 left on base; Hickory 3 - Kannapolis 0
TOP OF THE 5TH
Hickory Crawdads batting - Pitching for Kannapolis Intimidators : LHP Mike Schoenborn
Batting: RHB Justin Beck 0-0: Foul Ball, location: 2RF
0-1: Swinging Strike
0-2: Ball
1-2: Strikes out swinging
Batting: RHB Roberto Zubiate 0-0: SINGLE (Flyball, 89M, EV 90.6 MPH)
Batting: RHB Mark Bray 0-0: Called Strike
0-1: Ball
1-1: Ball
2-1: Ball
3-1: Base on Balls
Roberto Zubiate to second
Pitching: LHP Alan Rimmer
Batting: LHB Paul Rodriguez 0-0: Called Strike
0-1: Swinging Strike
0-2: Ball
1-2: Foul Ball, location: 7LSF
1-2: Ball
2-2: Foul Ball, location: 2F
2-2: Strikes out swinging
Batting: RHB Frank Goodwin 0-0: Ball
1-0: Foul Ball, location: 5F
1-1: Ball
2-1: Called Strike
2-2: Fly out, F7 (Flyball, 7, EV 88.1 MPH)
Top of the 5th over - 0 runs, 1 hit, 0 errors, 2 left on base; Hickory 3 - Kannapolis 0
BOTTOM OF THE 5TH
Kannapolis Intimidators batting - Pitching for Hickory Crawdads : RHP Andy Schurmann
Batting: RHB Jon Arroyo 0-0: Called Strike
0-1: Foul Ball, location: 3F
0-2: Ball
1-2: Strikes out swinging
Batting: SHB Jeremy Nussbaum 0-0: Swinging Strike
0-1: Swinging Strike
0-2: Ball
1-2: Ball
2-2: Ball
3-2: Strikes out swinging
Batting: LHB Nick Lindberg 0-0: Foul Ball, location: 2F
0-1: Called Strike
0-2: Ball
1-2: SINGLE (Groundball, 13S, EV 63.1 MPH) (infield hit)
Batting: RHB Bobby Richards 0-0: Ball
1-0: Foul Ball, location: 2F
1-1: Ball
2-1: SINGLE (Groundball, 4MD, EV 105.0 MPH)
Nick Lindberg to second
Runner from 2nd tries for 3rd, SAFE, throw by CF made to third
Batting: LHB Tom Jarvis 0-0: Called Strike
0-1: Called Strike
0-2: Ball
1-2: Ball
2-2: Ball
3-2: Foul Ball, location: 2F
3-2: Ground out 4-3 (Groundball, 4, EV 85.6 MPH)
Bottom of the 5th over - 0 runs, 2 hits, 0 errors, 2 left on base; Hickory 3 - Kannapolis 0
TOP OF THE 6TH
Hickory Crawdads batting - Pitching for Kannapolis Intimidators : LHP Alan Rimmer
Batting: RHB Todd Peters 0-0: Ball
1-0: Called Strike
1-1: Foul Ball, location: 9LMF
1-2: Ball
2-2: Ball
3-2: Strikes out looking
Batting: SHB Rodrigo Ruiz 0-0: Called Strike
0-1: Called Strike
0-2: Strikes out swinging
Batting: RHB Bryan Shewmaker 0-0: Ball
1-0: Ball
2-0: Ball
3-0: Base on Balls
Batting: LHB Brian Edwards 0-0: Ball
1-0: Ball
2-0: Ground out 4-3 (Groundball, 4, EV 100.0 MPH)
Top of the 6th over - 0 runs, 0 hits, 0 errors, 1 left on base; Hickory 3 - Kannapolis 0
BOTTOM OF THE 6TH
Kannapolis Intimidators batting - Pitching for Hickory Crawdads : RHP Andy Schurmann
Batting: RHB Matt Schmidl 0-0: DOUBLE (Line Drive, 7LS, EV 100.0 MPH)
Batting: RHB Justin McWilliams 0-0: Ball
1-0: SINGLE (Flyball, 8RS, EV 93.1 MPH)
Matt Schmidl to third
Runner from 3rd tries for Home, SAFE, throw by CF to home
Justin McWilliams to second
Batting: RHB Aaron Morgan 0-0: Fly out, F4 (Popup, 34D, EV 58.8 MPH)
Batting: LHB Chris Fries 0-0: Ball
1-0: Ball
2-0: Ball
3-0: Called Strike
3-1: Foul Ball, location: 2F
3-2: Fly out, F9 (Flyball, 9D, EV 105.6 MPH)
Runner from 2nd tags up, SAFE at 3rd with throw by RF
Batting: RHB Jon Arroyo 0-0: Ball
1-0: Called Strike
1-1: Foul Ball, location: 2F
1-2: Foul Ball, location: 2F
1-2: Ground out 6-3 (Groundball, 6, EV 96.3 MPH)
Bottom of the 6th over - 1 run, 2 hits, 0 errors, 1 left on base; Hickory 3 - Kannapolis 1
TOP OF THE 7TH
Hickory Crawdads batting - Pitching for Kannapolis Intimidators : LHP Alan Rimmer
Batting: RHB Justin Beck 0-0: Ball
1-0: Ball
2-0: Called Strike
2-1: Called Strike
2-2: Strikes out swinging
Batting: RHB Roberto Zubiate 0-0: Fly out, F8 (Flyball, 8LD, EV 86.3 MPH)
Batting: RHB Mark Bray 0-0: Called Strike
0-1: Ball
1-1: Ball
2-1: SINGLE (Flyball, 4MD, EV 93.1 MPH)
Batting: LHB Paul Rodriguez 0-0: Called Strike
0-1: Ball
1-1: Foul Ball, location: 2F
1-2: Strikes out looking
Top of the 7th over - 0 runs, 1 hit, 0 errors, 1 left on base; Hickory 3 - Kannapolis 1
BOTTOM OF THE 7TH
Kannapolis Intimidators batting - Pitching for Hickory Crawdads : RHP Andy Schurmann
Batting: SHB Jeremy Nussbaum 0-0: Called Strike
0-1: Ball
1-1: Ball
2-1: DOUBLE (Line Drive, 7LM, EV 90.0 MPH)
Batting: LHB Nick Lindberg 0-0: Called Strike
0-1: Called Strike
0-2: Ball
1-2: Ball
2-2: Ball
3-2: SINGLE (Groundball, 6D, EV 97.5 MPH)
Jeremy Nussbaum to third
Batting: RHB Bobby Richards 0-0: Ball
1-0: SINGLE (Line Drive, 4D, EV 95.0 MPH)
Jeremy Nussbaum scores
Nick Lindberg to second
Runner from 2nd tries for 3rd, SAFE, no throw by CF
Batting: LHB Tom Jarvis 0-0: Ball
1-0: Called Strike
1-1: Foul Ball, location: 3F
1-2: Strikes out swinging
Pitching: RHP Ivan Pedroza
Batting: RHB Matt Schmidl 0-0: Ball
1-0: Ball
2-0: 3-RUN HOME RUN (Flyball, 7D, EV 100.0 MPH), Distance : 374 ft
Batting: RHB Justin McWilliams 0-0: Ball
1-0: Ball
2-0: Called Strike
2-1: Foul Ball, location: 2F
2-2: Ball
3-2: Foul Ball, location: 3F
3-2: Foul Ball, location: 9LMF
3-2: Ground out 6-3 (Groundball, 6, EV 88.1 MPH)
Batting: RHB Aaron Morgan 0-0: Foul Ball, location: 3FF
0-1: Ball
1-1: Called Strike
1-2: Strikes out looking
Bottom of the 7th over - 4 runs, 4 hits, 0 errors, 0 left on base; Hickory 3 - Kannapolis 5
TOP OF THE 8TH
Hickory Crawdads batting - Pitching for Kannapolis Intimidators : LHP Alan Rimmer
Pitching: LHP Mel Cruz
Batting: RHB Frank Goodwin 0-0: Ball
1-0: Fly out, F6 (Popup, 6M, EV 55.0 MPH)
Batting: RHB Todd Peters 0-0: Ball
1-0: Ball
2-0: Called Strike
2-1: DOUBLE (Line Drive, 7LS, EV 100.6 MPH)
Batting: SHB Rodrigo Ruiz 0-0: Ball
1-0: Ball
2-0: Hit by Pitch
Batting: RHB Bryan Shewmaker 0-0: Ball
1-0: Foul Ball, location: 5DF
1-1: Foul Ball, location: 2F
1-2: Foul Ball, location: 2RF
1-2: Strikes out swinging
Pinch Hitting: RHB Aaron Cote 0-0: Called Strike
0-1: Swinging Strike
0-2: Ball
1-2: Ball
2-2: Strikes out swinging
Top of the 8th over - 0 runs, 1 hit, 0 errors, 2 left on base; Hickory 3 - Kannapolis 5
BOTTOM OF THE 8TH
Kannapolis Intimidators batting - Pitching for Hickory Crawdads : RHP Ivan Pedroza
Now at 2B: Jaden White
Batting: LHB Chris Fries 0-0: Ball
1-0: Swinging Strike
1-1: Ball
2-1: Ball
3-1: Base on Balls
Pitching: RHP Camiel Dijkstra
Batting: RHB Jon Arroyo 0-0: Ball
1-0: Ball
2-0: SINGLE (Line Drive, 9S, EV 101.3 MPH)
Chris Fries to second
Batting: SHB Jeremy Nussbaum 0-0: Called Strike
0-1: Swinging Strike
0-2: Fielders Choice at 2nd, 6-4 (Groundball, 6, EV 83.8 MPH)
Chris Fries to third
Batting: LHB Nick Lindberg 0-0: Ball
Wild Pitch!
Chris Fries scores
Jeremy Nussbaum to second
1-0: Ball
2-0: Ball
3-0: Base on Balls
Batting: RHB Bobby Richards 0-0: Ball
1-0: Foul Ball, location: 5SF
1-1: Ball
2-1: SINGLE (Line Drive, 78M, EV 110.0 MPH)
Jeremy Nussbaum to third
Nick Lindberg to second
Batting: LHB Tom Jarvis 0-0: Ball
1-0: Swinging Strike
1-1: Ball
2-1: Ball
3-1: Fly out, F6 (Popup, 6M, EV 50.6 MPH)
Batting: RHB Matt Schmidl 0-0: Called Strike
0-1: Called Strike
0-2: Ball
1-2: Ball
2-2: Ball
3-2: Foul Ball, location: 7LDF
3-2: Strikes out swinging
Bottom of the 8th over - 1 run, 2 hits, 0 errors, 3 left on base; Hickory 3 - Kannapolis 6
TOP OF THE 9TH
Hickory Crawdads batting - Pitching for Kannapolis Intimidators : LHP Mel Cruz
Batting: RHB Justin Beck 0-0: Ball
1-0: Called Strike
1-1: Ball
2-1: Ball
3-1: Swinging Strike
3-2: Strikes out looking
Batting: RHB Roberto Zubiate 0-0: Foul Ball, location: 2F
0-1: Ball
1-1: Ground out 6-3 (Groundball, 6, EV 88.8 MPH)
Batting: RHB Mark Bray 0-0: Called Strike
0-1: Ball
1-1: Ground out 5-3 (Groundball, 56S, EV 95.6 MPH)
Top of the 9th over - 0 runs, 0 hits, 0 errors, 0 left on base; Hickory 3 - Kannapolis 6
Sunday, April 7th , 2024 - OOTP Baseball 24.11 Build 85